 Dungeon Crawl Stone Soup version 0.30.1-11-g7821555f0a (webtiles) character file.

Game seed: 9208425936476048560

445 minichibis the Conjurer (level 7, 0/50 HPs)
             Began as a Gnoll Conjurer on Jan 1, 2024.
             Slain by a gnoll sergeant
             ... wielding a +0 trident
              (21 damage)
             ... on level 5 of the Dungeon on Jan 4, 2024.
             The game lasted 00:22:18 (2452 turns).

minichibis the Conjurer (Gnoll Conjurer)            Turns: 2452, Time: 00:22:19

Health: 0/50       AC:  3    Str:  9    XL:     7   Next: 3%
Magic:  3/15       EV:  2    Int: 17    God:
Gold:   167        SH:  0    Dex: 10    Spells: 14/17 levels left

rFire   . . .        w - +0 falchion
rCold   . . .        (no shield)
rNeg    . . .        a - +0 robe
rPois   .            (no helmet)
rElec   .            (no cloak)
rCorr   .            (no gloves)
SInv    .            n - +0 pair of boots
Will    .....        (no amulet)
Stlth   +++          (no ring)
HPRegen 0.28/turn    (no ring)
MPRegen 0.14/turn

%: no passive effects
@: sleeping
A: fangs 1, strong nose, distributed training
a: no special abilities


You were on level 5 of the Dungeon.
You visited 1 branch of the dungeon, and saw 5 of its levels.

You collected 167 gold pieces.

Inventory:

Hand Weapons
 c - a +0 whip
 e - a +0 spear
 u - a +1 dagger of protection
 w - a +0 falchion (weapon)
Armour
 a - a +0 robe (worn)
 n - a +0 pair of boots (worn)
Magical Staves
 F - a staff of air
Wands
 y - a wand of acid (9)
 A - a wand of flame (19)
Scrolls
 d - 3 scrolls of fear
 g - a scroll of immolation {unknown}
 h - a scroll of enchant armour {unknown}
 i - 2 scrolls of magic mapping {unknown}
 m - 5 scrolls of fog
 o - a scroll of vulnerability {unknown}
 p - a scroll of summoning {unknown}
 q - 3 scrolls of enchant weapon
 r - a scroll of amnesia {unknown}
 t - a scroll of acquirement {unknown}
 B - 2 scrolls of brand weapon {unknown}
Potions
 b - 2 potions of magic
 k - 2 potions of curing
 l - a potion of invisibility {unknown}
 s - a potion of flight {unknown}
 v - a potion of berserk rage {unknown}
 x - a potion of ambrosia {unknown}
 z - 3 potions of attraction
 C - a potion of haste {unknown}
 E - a potion of brilliance {unknown}


   Skills:
 + Level 2.3 Fighting
 + Level 2.3 Short Blades
 + Level 2.3 Long Blades
 + Level 2.3 Axes
 + Level 2.3 Maces & Flails
 + Level 2.3 Polearms
 + Level 2.3 Staves
 + Level 2.3 Ranged Weapons
 + Level 2.3 Throwing
 + Level 2.3 Armour
 + Level 5.1 Dodging
 + Level 4.8 Stealth
 + Level 2.3 Shields
 + Level 2.3 Unarmed Combat
 + Level 5.5 Spellcasting
 + Level 7.3 Conjurations
 + Level 1.8 Hexes
 + Level 1.8 Summonings
 + Level 1.8 Necromancy
 + Level 1.8 Translocations
 + Level 1.8 Transmutations
 + Level 1.8 Fire Magic
 + Level 1.8 Ice Magic
 + Level 1.8 Air Magic
 + Level 1.8 Earth Magic
 + Level 1.8 Poison Magic
 + Level 2.5 Invocations
 + Level 2.3 Evocations


You had 14 spell levels left.
You knew the following spells:

 Your Spells              Type           Power      Damage    Failure   Level
a - Magic Dart            Conj           100%       1d8       1%          1
b - Searing Ray           Conj           58%        2d6       1%          2

Your spell library contained the following spells:

 Spells                   Type           Power      Damage    Failure   Level
 Dazzling Flash           Conj/Hex       40%        N/A       6%          3
 Fulminant Prism          Conj/Hex       10%        3d9       21%         4
 Iskenderun's Mystic Bla  Conj/Tloc      20%        2d6       21%         4


Dungeon Overview and Level Annotations

Branches:
Dungeon (5/15)
 Temple: D:4-7

Altars:
Nemelex Xobeh
Ru


Innate Abilities, Weirdness & Mutations

You have very sharp teeth.
Your uncanny sense of smell can sniff out nearby items.
Your experience applies equally to all skills.


Message History

The searing ray hits the gnoll!
You kill the gnoll!
The searing ray hits the gnoll sergeant!
The gnoll sergeant is heavily wounded. (Press . to maintain the ray.)
A gnoll comes into view. It is wielding a +0 flail.
You have reached level 7!
The searing ray hits the gnoll sergeant.
The gnoll sergeant is severely wounded.
The searing ray hits the gnoll!
The gnoll is severely wounded.
The searing ray hits the gnoll sergeant.
The gnoll sergeant is severely wounded.
The searing ray hits the gnoll.
You kill the gnoll!
The searing ray hits the sleepcap.
The sleepcap is lightly damaged.
The gnoll sergeant hits you from afar with a +0 trident!
The searing ray misses the gnoll sergeant.
The searing ray hits the sleepcap!
The sleepcap is heavily damaged.
You finish channelling your searing ray.
The gnoll sergeant hits you from afar with a +0 trident!
The gnoll sergeant closely misses you.
Aiming: Searing Ray (safe; 1% risk of failure)
Press: ? - help, Q - select action, (/) - cycle Shift-Dir - straight line, f - gnoll, p - gnoll sergeant
Aim: a gnoll, wielding a +0 flail (82% to hit)
The searing ray hits the sleepcap.
The sleepcap is severely damaged.
The searing ray hits the gnoll sergeant.
The gnoll sergeant is severely wounded.
The searing ray hits the gnoll!
The gnoll is severely wounded. (Press . to maintain the ray.)
The gnoll sergeant hits you from afar with a +0 trident!
The sleepcap releases spores at you.
You are engulfed in a cloud of soporific spores!
You fall asleep.
The gnoll sergeant hits you from afar with a +0 trident!!
You die... #.######...# #.........# 8.# #.........## ..# ...........# ... #..........## .. ............# #)# ≈...........# gg#

≈≈..........#####f#
≈≈..............@.#
≈≈...........######
≈............#
.........#####
####.##### #.#
#.#######
###.......#
#.........#


You could see a sleepcap, a gnoll sergeant and a gnoll.

Vanquished Creatures
  2 scorpions
  A sleepcap (D:4)
  3 iguanas
  6 gnolls (D:5)
  8 adders
  3 worms
  2 dart slugs
  An orc (D:4)
  5 endoplasms
  2 giant cockroaches
  6 goblins
  4 hobgoblins
  9 jackals
  A quokka (D:4)
  6 ball pythons
  6 bats
  6 frilled lizards
  8 kobolds
  6 rats
85 creatures vanquished.

Notes
Turn   | Place    | Note
-------+----------+-------------------------------------------
     0 | D:1      | minichibis the Gnoll Conjurer began the quest for the Orb.
     0 | D:1      | Reached XP level 1. HP: 13/13 MP: 6/6
   131 | D:1      | Reached XP level 2. HP: 19/19 MP: 5/7
   687 | D:2      | Reached skill level 5 in Spellcasting
   687 | D:2      | Reached XP level 3. HP: 25/25 MP: 4/9
   692 | D:2      | Reached skill level 1 in Invocations
   702 | D:2      | Learned a level 2 spell: Searing Ray
   791 | D:2      | Reached skill level 1 in Fighting
   791 | D:2      | Reached skill level 1 in Short Blades
   791 | D:2      | Reached skill level 1 in Long Blades
   791 | D:2      | Reached skill level 1 in Axes
   791 | D:2      | Reached skill level 1 in Maces & Flails
   791 | D:2      | Reached skill level 1 in Polearms
   791 | D:2      | Reached skill level 1 in Staves
   791 | D:2      | Reached skill level 1 in Ranged Weapons
   791 | D:2      | Reached skill level 1 in Throwing
   791 | D:2      | Reached skill level 1 in Armour
   791 | D:2      | Reached skill level 1 in Shields
   791 | D:2      | Reached skill level 1 in Unarmed Combat
   791 | D:2      | Reached skill level 1 in Evocations
   916 | D:2      | Reached XP level 4. HP: 31/32 MP: 6/11
  1175 | D:3      | Reached skill level 1 in Hexes
  1175 | D:3      | Reached skill level 1 in Summonings
  1175 | D:3      | Reached skill level 1 in Necromancy
  1175 | D:3      | Reached skill level 1 in Translocations
  1175 | D:3      | Reached skill level 1 in Transmutations
  1175 | D:3      | Reached skill level 1 in Fire Magic
  1175 | D:3      | Reached skill level 1 in Ice Magic
  1175 | D:3      | Reached skill level 1 in Air Magic
  1175 | D:3      | Reached skill level 1 in Earth Magic
  1175 | D:3      | Reached skill level 1 in Poison Magic
  1187 | D:3      | Found a sacrificial altar of Ru.
  1239 | D:3      | Reached XP level 5. HP: 37/37 MP: 8/12
  1699 | D:4      | Reached XP level 6. HP: 31/44 MP: 2/13
  1952 | D:4      | Reached skill level 5 in Dodging
  2164 | D:5      | Entered Level 5 of the Dungeon
  2227 | D:5      | Found a sparkling altar of Nemelex Xobeh.
  2447 | D:5      | Reached XP level 7. HP: 50/50 MP: 7/15
  2452 | D:5      | Slain by a gnoll sergeant

Illustrated notes

Levels and vault maps discovered:
D:1:      tarquinn_simple_flora_water_e, layout_basic, nrook_loot_triangle,
          roderic_roman_lattice, minmay_close_crescents
D:2:      minmay_diamond_boxcup, layout_rooms, kennysheep_generic_room_3
D:3:      minmay_inner_zag, layout_basic, nicolae_ru_sacrificial_ziggurat
D:4:      layout_basic, kennysheep_crisscross
D:5:      layout_cave_pods, mainiacjoe_overflow_catwalk,
          minmay_temple_entry_waves, nicolae_figureground_sparkle

Skill      XL: |  1  2  3  4  5  6 |
---------------+-------------------+-----
Spellcasting   | 5 |  5.5
Invocations    | 1 2 |  2.5
Fighting       | 1 2 |  2.3
Short Blades   | 1 2 |  2.3
Long Blades    | 1 2 |  2.3
Axes           | 1 2 |  2.3
Maces & Flails | 1 2 |  2.3
Polearms       | 1 2 |  2.3
Staves         | 1 2 |  2.3
Ranged Weapons | 1 2 |  2.3
Throwing       | 1 2 |  2.3
Armour         | 1 2 |  2.3
Shields        | 1 2 |  2.3
Unarmed Combat | 1 2 |  2.3
Evocations     | 1 2 |  2.3
Hexes          | 1 |  1.8
Summonings     | 1 |  1.8
Necromancy     | 1 |  1.8
Translocations | 1 |  1.8
Transmutations | 1 |  1.8
Fire Magic     | 1 |  1.8
Ice Magic      | 1 |  1.8
Air Magic      | 1 |  1.8
Earth Magic    | 1 |  1.8
Poison Magic   | 1 |  1.8
Dodging        | 5 |  5.1
Stealth        | |  4.8
Conjurations   | |  7.3

Action                     |  1- 3 |  4- 6 |  7- 9 || total
---------------------------+-------+-------+-------++-------
  Melee: Spear             |    45 |    33 |       ||    78
         Bite              |     4 |    10 |       ||    14
         Punch             |     1 |     2 |       ||     3
         Falchion          |       |    38 |       ||    38
  Throw: Boomerang         |       |    16 |       ||    16
   Cast: Magic Dart        |    39 |    38 |       ||    77
         Searing Ray       |     1 |    15 |     1 ||    17
    Use: Scroll            |       |     6 |       ||     6
   Stab: Sleeping          |       |     5 |       ||     5
 Armour: Robe              |     5 |    11 |       ||    16
  Dodge: Dodged            |    24 |    60 |     1 ||    85
